 Dungeon Crawl Stone Soup version 0.15.2 (webtiles) character file.

21 MordorOrchid the Sneak (level 2, 0/14 HPs)
             Began as a Spriggan Enchanter on June 8, 2021.
             Slain by a hobgoblin (3 damage)
             ... on Level 2 of the Dungeon.
             The game lasted 00:04:32 (956 turns).

MordorOrchid the Sneak (Spriggan Enchanter)          Turns: 956, Time: 00:04:33

HP   0/14        AC  3     Str  4      XL: 2   Next: 62%
MP   6/7         EV 19     Int 16      God:
Gold 62          SH  0     Dex 16      Spells:  2 memorised,  3 levels left

rFire  . . .     SeeInvis +     a - +1 dagger
rCold  . . .     Clarity  .     b - +1 robe
rNeg   . . .     rCorr    .     (shield restricted)
rPois  .         rRot     .     (helmet restricted)
rElec  .         Spirit   .     (no cloak)
SustAb .         Warding  .     (gloves unavailable)
rMut   .         Stasis   .     (boots unavailable)
Gourm  .                        (no amulet)
MR     .....                    (no ring)
                                (no ring)

@: very quick, not resistant to hostile enchantments, fairly stealthy
A: unfitting armour, see invisible, herbivore 3, speed 3, slow metabolism 2
a: no special abilities


You were on level 2 of the Dungeon.
You were not hungry.

You visited 1 branch of the dungeon, and saw 2 of its levels.

You collected 62 gold pieces.

Inventory:

Hand weapons
 a - a +1 dagger (weapon)
Armour
 b - a +1 robe (worn)
Comestibles
 f - a slice of pizza
Scrolls
 j - a scroll of enchant weapon {unknown}
 k - a scroll of teleportation {unknown}
 l - 2 scrolls of identify {unknown}
 m - a scroll of noise {unknown}
 o - a scroll of fear {unknown}
Jewellery
 n - an uncursed amulet of the gourmand {unknown}
Potions
 d - a potion of porridge
 e - a potion of might {unknown}
 g - 2 potions of curing {unknown}
 h - a potion of mutation {unknown}
 i - a potion of beneficial mutation {unknown}
 p - a potion of degeneration {unknown}
Books
 c - a book of Maledictions

   Spells                             Type                      Level
   *Corona                            Hexes                        1
   Sure Blade                         Hexes/Charms                 2
   *Ensorcelled Hibernation           Hexes/Ice                    2
   Confuse                            Hexes                        3
   Dazzling Spray                     Conjuration/Hexes            3
   Enslavement                        Hexes                        4


   Skills:
 * Level 0.4 Fighting
 * Level 1.5 Short Blades
 * Level 3.6 Dodging
 + Level 4.8 Stealth
 * Level 2.7 Spellcasting
 * Level 3.7 Hexes


You had 3 spell levels left.
You knew the following spells:

 Your Spells              Type           Power        Failure   Level  Hunger
a - Corona                Hex            ##.....      6%          1    #......
b - Ensorcelled Hibernat  Hex/Ice        #.....       14%         2    ##.....


Dungeon Overview and Level Annotations

Branches:
Dungeon (2/15)

Altars:


Innate Abilities, Weirdness & Mutations

You are tiny and cannot use many weapons and most armour.
You have supernaturally acute eyesight.
You are a herbivore.
You cover ground extremely quickly.
You need consume almost no food.


Message History

Press: ? - help, Shift-Dir - straight line, f - giant newt
Aim: a giant newt The giant newt is outlined in light.
You hit the giant newt.
The giant newt is severely wounded.
The giant newt completely misses you.
You hit the giant newt.
You kill the giant newt!
A hobgoblin comes into view.
Things that are here:
a pair of boots; a bread ration The hobgoblin shouts!
Casting: Corona
Confirm with . or Enter, or press ? or * to list all spells.
Aiming: Corona
Press: ? - help, Shift-Dir - straight line, f - hobgoblin
Aim: a hobgoblin The hobgoblin is outlined in light.
You completely miss the hobgoblin. The hobgoblin hits you.
You die...

#..........#..<#)#.#
##...(......#.#.#.#
#...........#.###.#
#......####.#.....#
#......####.#######
#.................
#........[..#####
####........#
#....@...#
#....g...###
#..........#
#..........#
#............#
###..........#
#..........#
#..........#
#..........


You could see a hobgoblin.

Vanquished Creatures
  2 goblins (D:2)
  3 hobgoblins (D:1)
  A quokka (D:2)
  2 bats
  3 giant newts
  2 kobolds (D:1)
  11 rats
24 creatures vanquished.

Notes
Turn   | Place    | Note
--------------------------------------------------------------
     0 | D:1      | MordorOrchid, the Spriggan Enchanter, began the quest for the Orb.
     0 | D:1      | Reached XP level 1. HP: 9/9 MP: 4/4
   465 | D:1      | Reached XP level 2. HP: 10/13 MP: 7/7
   469 | D:1      | Learned a level 2 spell: Ensorcelled Hibernation
   956 | D:2      | Slain by a hobgoblin

Action                   || total
-------------------------++-------
Melee: Dagger            ||    80
 Cast: Corona            ||    11
 Stab: Sleeping          ||     3
